 Dungeon Crawl Stone Soup version 0.27-a0-1220-g54dba09ff7 (webtiles) character file.

Game seed: 3882004838839681346

4 Ancestrald the Magician (level 1, -1/15 HPs)
             Began as a Naga Hedge Wizard on June 7, 2021.
             Slain by a kobold
             ... wielding a +0 dagger
              (3 damage)
             ... on level 1 of the Dungeon.
             The game lasted 00:01:55 (303 turns).

Ancestrald the Magician (Naga Hedge Wizard)          Turns: 303, Time: 00:01:55

Health: -1/15      AC:  1    Str: 12    XL:     1   Next: 70%
Magic:  2/4        EV:  9    Int: 14    God:
Gold:   0          SH:  0    Dex: 10    Spells: 5/6 levels left

rFire    . . .     SeeInvis +   a - +0 dagger
rCold    . . .     Faith    .   (no shield)
rNeg     . . .     Spirit   .   b - +0 robe
rPois    +         Reflect  .   c - +0 hat
rElec    .         Harm     .   (no cloak)
rCorr    .         Rampage  .   (no gloves)
Will     .....                  (no barding)
Stlth    ++........             (no amulet)
HPRegen  0.05/turn              (no ring)
MPRegen  0.09/turn              (no ring)

@: very slow
A: AC +0, large, see invisible, deformed body, poison resistance, slowness 2,
spit poison 1, naga tail 1
a: Spit Poison


You were on level 1 of the Dungeon.
You visited 1 branch of the dungeon, and saw 1 of its levels.

Inventory:

Hand Weapons
 a - a +0 dagger (weapon)
Missiles
 e - 22 bolts
 f - 3 stones
Armour
 b - a +0 robe (worn)
 c - a +0 hat (worn)
Scrolls
 d - a scroll of enchant armour {unknown}
 g - a scroll of identify {unknown}


   Skills:
 + Level 1.7 Dodging
 * Level 3.0 Stealth
 + Level 3.2 Spellcasting
 + Level 1.0 Conjurations
 + Level 1.0 Summonings
 + Level 1.0 Translocations


You had 5 spell levels left.
You knew the following spells:

 Your Spells              Type           Power      Damage    Failure   Level
a - Magic Dart            Conj           20%        1d4       14%         1

Your spell library contained the following spells:

 Spells                   Type           Power      Damage    Failure   Level
 Blink                    Tloc           N/A        N/A       22%         2
 Call Imp                 Summ           5%         N/A       22%         2
 Slow                     Hex            2%         N/A       32%         2
 Conjure Flame            Conj/Fire      3%         6-21      45%         3
 Mephitic Cloud           Conj/Pois/Air  3%         N/A       50%         3


Dungeon Overview and Level Annotations

Branches:
Dungeon (1/15)

Altars:


Innate Abilities, Weirdness & Mutations

Your serpentine skin is tough. (AC +0)
You have supernaturally acute eyesight. (SInv)
Armour fits poorly on your strangely shaped body.
Your system is resistant to poisons. (rPois)
You cover ground very slowly.
You can spit poison.
You have a snake-like lower body.


Message History

You are very lightly contaminated with residual magic.
Nothing appears to happen.
Aiming: Magic Dart (safe; 14% risk of failure)
Press: ? - help, Q - select action, (/) - cycle Shift-Dir - straight line, f/p - hobgoblin
Aim: a hobgoblin (heavily wounded, 100% to hit)
You miscast Magic Dart.
Nothing appears to happen.
Aiming: Magic Dart (safe; 14% risk of failure)
Press: ? - help, Q - select action, (/) - cycle Shift-Dir - straight line, f/p - hobgoblin
Aim: a hobgoblin (heavily wounded, 100% to hit)
The magic dart hits the hobgoblin.
The hobgoblin is almost dead.
You don't have enough magic to cast this spell.
You don't have enough magic to cast this spell.
Unknown command.
You don't have enough magic to cast this spell.
You don't have enough magic to cast this spell.
A kobold and a dart slug come into view.
You closely miss the hobgoblin.
The hobgoblin is severely wounded.
The hobgoblin hits you.
You hit the hobgoblin but do no damage.
The hobgoblin is severely wounded.
The hobgoblin hits you.
You hit the hobgoblin.
You kill the hobgoblin!
The kobold shouts!
The dart slug launches a dart at you. The slug dart hits you.
The dart slug launches a dart at you. The slug dart hits you.
* * * LOW HITPOINT WARNING * * *
Your magical contamination has completely faded away.
There is an open door here.
Things that are here:
a +0 dagger; a goblin corpse The kobold barely misses you.
The kobold closely misses you. The dart slug launches a dart at you.
The slug dart misses you. The kobold hits you with a +0 dagger.
You die...

#...........
#...........
#...........
#.#...#+#####+
#.###......... #.#
#.w.......
######)###.........
#.........K........
#..........@.......
#.......#..#+######
######..)..#
#....##.# #.....#.#
#..##.#.# #.. .#.#
#.# .#.# #. .#.#


You could see a dart slug and a kobold.

Vanquished Creatures
  A goblin (D:1)
  A hobgoblin (D:1)
  A kobold (D:1)
  A bat (D:1)
4 creatures vanquished.

Notes
Turn   | Place    | Note
-------+----------+-------------------------------------------
     0 | D:1      | Ancestrald the Naga Hedge Wizard began the quest for the
                  | Orb.
     0 | D:1      | Reached XP level 1. HP: 15/15 MP: 4/4
   303 | D:1      | Slain by a kobold

Illustrated notes

Levels and vault maps discovered:
D:1:      nicolae_arrival_memento_mori, layout_basic, serial_shops, shop,
          minmay_cut_off

Action                   || total
-------------------------++-------
Melee: Dagger            ||    15
 Cast: Magic Dart        ||     8
Armor: Robe              ||    15
Dodge: Dodged            ||    12

Table legend: (Time is in decaauts)
 A = Elapsed time spent in this place.
 B = Non-inter-level travel time spent in this place.
 C = Inter-level travel time spent in this place.
 D = Time resting spent in this place.
 E = Time spent auto-exploring this place.
 F = Levels seen in this place.
 G = Mean time per level.
                   A        B        C        D        E       F      G
               +--------+--------+--------+--------+--------+-----+--------+
         Total |    330 |    330 |      0 |    173 |     43 |   1 |  330.0 |
       Dungeon |    330 |    330 |      0 |    173 |     43 |   1 |  330.0 |
               +--------+--------+--------+--------+--------+-----+--------+

Top non-repeatable levels by time:
     D:1: 330 daAuts
